 Dungeon Crawl Stone Soup version 0.22-a0 (webtiles) character file.

3887 4thArraOfDagon the Covert (level 10, -8/44 HPs)
             Began as a Spriggan Fire Elementalist on Dec 31, 2017.
             Was a Priest of Zin.
             Killed by nerve-wracking pain
             ... invoked by an orc priest
              (11 damage)
             ... on level 9 of the Dungeon.
             The game lasted 00:19:24 (3197 turns).

4thArraOfDagon the Covert (SpFE)                    Turns: 3197, Time: 00:19:25

Health: -8/44      AC:  4    Str:  4    XL:     10   Next: 0%
Magic:  6/17       EV: 31    Int: 20    God:    Zin [***...]
Gold:   249        SH:  0    Dex: 22    Spells: 9/18 levels left

rFire    + + +     SeeInvis +   f - +7 dagger "Rurph" {pierce, rElec MR+ Stlth+}
rCold    + . .     Gourm    .   (shield restricted)
rNeg     . . .     Faith    .   h - +2 robe {rC+ rF+}
rPois    .         Spirit   .   (helmet restricted)
rElec    +         Reflect  .   l - scarf {rC+ rF+}
rCorr    .         Harm     .   (gloves unavailable)
MR       +....                  (boots unavailable)
Stlth    +++++++...             (no amulet)
HPRegen  0.14/turn              C - ring of fire
MPRegen  0.15/turn              (no ring)

@: agile, about to teleport, vulnerable, very quick
A: very small, unfitting armour, see invisible, herbivore, speed 3, slow
metabolism 2
a: Recite, Vitalisation, Imprison, Donate Gold, Renounce Religion


You were on level 9 of the Dungeon.
You worshipped Zin.
Zin was most pleased with you.
You were not hungry.

You visited 1 branch of the dungeon, and saw 9 of its levels.

You collected 276 gold pieces.
You donated 27 gold pieces to Zin.

Inventory:

Hand Weapons
 e - a +1 short sword
 f - the +7 dagger "Rurph" (weapon) {pierce, rElec MR+ Stlth+}
   (You found it on level 7 of the Dungeon)

   It inflicts extra damage upon your enemies.
   It insulates you from electricity.
   It affects your resistance to hostile enchantments.
   It makes you more stealthy.
 A - a +0 scimitar of flaming
Armour
 a - a +0 robe
 h - a +2 robe of resistance (worn)
 l - a scarf of resistance (worn)
 t - a cursed +0 robe
Jewellery
 C - a ring of fire (left hand)
Wands
 g - a wand of enslavement (16)
 j - a wand of scattershot (2)
 B - a wand of iceblast (8)
 D - a wand of digging (14)
Scrolls
 d - 3 scrolls of amnesia
 p - a scroll of teleportation
 u - a scroll of random uselessness
 v - 2 scrolls of remove curse
 w - a scroll of magic mapping {unknown}
 y - a scroll of enchant weapon
Potions
 i - a potion of invisibility
 k - a potion of flight
 m - a potion of brilliance
 n - a potion of magic
 r - a potion of degeneration
 s - 2 potions of haste
 x - 2 potions of might
Books
 b - a book of Flames

   Spells                             Type                      Level
   a - Flame Tongue                   Conjuration/Fire             1
   b - Throw Flame                    Conjuration/Fire             2
   c - Conjure Flame                  Conjuration/Fire             3
   d - Inner Flame                    Hexes/Fire                   3
   e - Sticky Flame                   Conjuration/Fire             4
   f - Fireball                       Conjuration/Fire             5
Comestibles
 c - 11 rations


   Skills:
 * Level 8.9 Short Blades
 + Level 8.7 Dodging
 + Level 9.4 Stealth
 - Level 4.5 Spellcasting
 - Level 3.2 Conjurations
 - Level 4.0 Translocations
 - Level 4.3 Fire Magic
 + Level 3.9 Invocations


You had 9 spell levels left.
You knew the following spells:

 Your Spells              Type           Power        Failure   Level  Hunger
a - Flame Tongue          Conj/Fire      ####.        2%          1    None
b - Sticky Flame          Conj/Fire      ####....     26%         4    ####...
c - Conjure Flame         Conj/Fire      ####....     8%          3    ##.....
d - Apportation           Tloc           ###...       2%          1    None


Dungeon Overview and Level Annotations

Branches:
Dungeon (9/15)               Lair (0/6) D:8
 Temple: D:4-7          Orc: D:9-12

Altars:
Ashenzari
Elyvilon
Gozag
Ru
Vehumet
Xom
Zin
The Shining One

Annotations:
D:4 Ijyb
D:5 exclusion: statue


Innate Abilities, Weirdness & Mutations

You are very small and have problems with some larger weapons.
You are too small for most types of armour.
You have supernaturally acute eyesight. (SInv)
You are a herbivore.
You cover ground extremely quickly.
You need consume almost no food.


Message History

As you read the scroll labeled VEYFE NOEDGHOME, it crumbles to dust.
You feel blessed for a moment.
It was a scroll of remove curse.
As you read the scroll labeled KUMMED NOGIJAR, it crumbles to dust.
The +7 dagger "Rurph" {pierce, rElec MR+ Stlth+} glows shining red for a moment.
It was a scroll of random uselessness.
The orc wizard looks encouraged for a moment.
The orc priest casts a cantrip, but nothing happens.
The orc priest miscasts a cantrip.
Unknown command.
As you read the scroll labeled ZUXEUFFIRU, it crumbles to dust.
You feel strangely unstable.
It was a scroll of teleportation.
The orc wizard points at you and mumbles some strange words.
You resist with almost no effort.
The orc priest looks braver for a moment.
As you read the scroll labeled SULIES SAISOMM, it crumbles to dust.
The orc wizard shouts!
Magic quickly surges around you.
It was a scroll of vulnerability.
The orc priest mumbles some strange prayers to Beogh against you.
Pain shoots through your body!
You die...

...############
..............#
..o..........#
#o..........#
#.o...o.....#
#...........#
#####.oo.o......#
............o...o
####..@o.......#
#...........# #
############# #
##.#.# ......
##.#.#


You could see an orc warrior, 3 orc priests, 3 orc wizards and 2 orcs.

Vanquished Creatures
  Erica (D:8)
  Pikel (D:8)
  Grinder (D:4)
  Menkaure (D:5)
  Duvessa (D:4)
  A soldier ant (D:9)
  An orc warrior (D:9)
  3 sky beasts
  An ice beast (D:8)
  4 ogres
  2 necrophages
  A big kobold (D:7)
  3 bullfrogs
  Dowan (D:4)
  A water moccasin skeleton (D:8)
  3 scorpions
  A bullfrog zombie (D:5)
  4 crimson imps
  A centaur zombie (D:8)
  A hound (D:9)
  A jelly (D:7)
  2 bullfrog skeletons
  8 worker ants
  A hound skeleton (D:6)
  A worker ant zombie (D:7)
  Robin (D:2)
  8 adders
  2 shadow imps
  An ooze (D:4)
  2 adder skeletons (D:4)
  2 adder zombies
  3 worms
  4 dart slugs
  4 leopard geckos
  17 orcs
  3 bats (D:2)
  4 giant cockroaches
  17 goblins
  6 hobgoblins
  4 jackals (D:6)
  4 quokkas
  A frilled lizard (D:1)
  4 kobolds (D:7)
  A leopard gecko skeleton (D:6)
  A leopard gecko zombie (D:6)
  4 rats
139 creatures vanquished.

Vanquished Creatures (others)
  A bullfrog (D:9)
  A quokka (D:8)
2 creatures vanquished.

Grand Total: 141 creatures vanquished

Notes
Turn   | Place    | Note
-------+----------+-------------------------------------------
     0 | D:1      | 4thArraOfDagon the Spriggan Fire Elementalist began the quest for the Orb.
     0 | D:1      | Reached XP level 1. HP: 9/9 MP: 5/5
   119 | D:1      | Reached skill level 1 in Conjurations
   141 | D:1      | Reached XP level 2. HP: 13/13 MP: 6/6
   315 | D:4      | Noticed an ogre
   385 | D:4      | Killed an ogre
   385 | D:4      | Reached XP level 3. HP: 11/16 MP: 0/9
   385 | D:4      | Reached XP level 4. HP: 15/21 MP: 0/10
   417 | D:4      | Noticed Ijyb
   438 | D:5      | Entered Level 5 of the Dungeon
   438 | D:5      | Noticed Menkaure
   460 | D:5      | Learned a level 4 spell: Sticky Flame
   464 | D:5      | Learned a level 3 spell: Conjure Flame
   472 | D:5      | Noticed an ogre
   495 | D:5      | Killed an ogre
   495 | D:5      | Reached XP level 5. HP: 23/24 MP: 3/11
   539 | D:5      | Killed Menkaure
   539 | D:5      | Reached XP level 6. HP: 16/28 MP: 6/13
   583 | D:7      | Noticed a sky beast
   606 | D:7      | Killed a sky beast
   628 | D:7      | Got a warped dagger
   629 | D:7      | Identified the +7 dagger "Rurph" {pierce, rElec MR+ Stlth+} (You found it on level 7 of the Dungeon)
   692 | D:5      | Found a radiant altar of Vehumet.
   729 | D:4      | Reached skill level 1 in Short Blades
   737 | D:4      | Noticed Dowan
   771 | D:4      | Found a glowing golden altar of the Shining One.
   773 | D:4      | Found a glowing silver altar of Zin.
   774 | D:4      | Found a white marble altar of Elyvilon.
   842 | D:5      | Reached XP level 7. HP: 14/32 MP: 5/14
   882 | D:5      | You fall through a shaft!
   913 | D:5      | Reached skill level 4 in Stealth
  1306 | D:4      | Noticed Grinder
  1310 | D:4      | Killed Grinder
  1310 | D:4      | Reached skill level 5 in Dodging
  1310 | D:4      | Reached skill level 5 in Stealth
  1400 | D:4      | magipi: wow, spriggan run
  1400 | D:4      | Became a worshipper of Zin the Law-Giver
  1436 | D:5      | Reached XP level 8. HP: 20/36 MP: 15/15
  1546 | D:2      | Noticed Robin
  1553 | D:2      | Killed Robin
  1704 | D:3      | Reached * piety under Zin
  1728 | D:3      | Found an opulent altar of Gozag.
  1781 | D:3      | Reached skill level 6 in Stealth
  1786 | D:3      | Reached skill level 5 in Short Blades
  1945 | D:3      | Learned a level 1 spell: Apportation
  2077 | D:4      | Noticed Duvessa
  2089 | D:4      | Killed Duvessa
  2090 | D:4      | Killed Dowan
  2184 | D:6      | magipi: an elec dagger is probably better that the artefact one
  2206 | D:6      | Reached ** piety under Zin
  2379 | D:6      | Found a white marble altar of Elyvilon.
  2513 | D:7      | Found a shattered altar of Ashenzari.
  2513 | D:7      | Found a sacrificial altar of Ru.
  2533 | D:7      | Reached skill level 7 in Stealth
  2546 | D:7      | Reached skill level 1 in Invocations
  2637 | D:8      | Found a staircase to the Lair.
  2637 | D:8      | Found a shimmering altar of Xom.
  2710 | D:8      | Reached XP level 9. HP: 39/39 MP: 2/16
  2760 | D:8      | Reached *** piety under Zin
  2841 | D:8      | Noticed Erica
  2863 | D:8      | Noticed Pikel
  2877 | D:8      | Killed Pikel
  2877 | D:8      | Reached skill level 8 in Stealth
  2884 | D:8      | Killed Erica
  2940 | D:8      | Reached skill level 9 in Stealth
  3003 | D:9      | jacquesderrida: Deng
  3140 | D:9      | Reached XP level 10. HP: 17/44 MP: 0/17
  3191 | D:9      | HP: 2/44 [poisoned by a soldier ant]
  3192 | D:9      | 4thArraOfDagon: rip
  3192 | D:9      | You enter a teleport trap!
  3192 | D:9      | 3 orc priests and 3 orc wizards come into view.
  3197 | D:9      | Killed from afar by an orc priest

Vault maps used:
D:1:      dpeg_arrival_shrine
D:2:      marbit_many_paths, uniq_robin, uniq_crazy_yiuf_cottage
D:3:      grunt_gozag_statues
D:4:      kennysheep_the_goblin_king, good_gods_temple_1, first_ration,
          uniq_grinder, uniq_ijyb, uniq_duvessa
D:5:      vehumet_statue, minmay_temple_entry_large_hall, uniq_menkaure
D:6:      basic_altar, minivault_10
D:7:      chequers_temple_overflow_minitemple
D:8:      lair_entry_dummy, basic_altar, uniq_erica, uniq_pikel

Skill      XL: |  1  2  3  4  5  6  7  8  9 |
---------------+----------------------------+-----
Conjurations   | 1 2 3 |  3.2
Spellcasting   | 3 4 |  4.5
Fire Magic     | 3 4 |  4.3
Short Blades   | 1 4 6 8 |  8.9
Stealth        | 5 7 9 |  9.4
Dodging        | 5 6 8 |  8.7
Translocations | 4 |  4.0
Invocations    | 1 3 |  3.9

Action                   |  1- 3 |  4- 6 |  7- 9 | 10-12 || total
-------------------------+-------+-------+-------+-------++-------
Melee: Short sword       |     5 |     1 |       |       ||     6
       Unarmed           |     1 |       |       |       ||     1
       Dagger            |       |    11 |   284 |       ||   295
 Cast: Flame Tongue      |    22 |    17 |    35 |       ||    74
       Sticky Flame      |       |     2 |    21 |       ||    23
       Conjure Flame     |       |     1 |     6 |       ||     7
Evoke: Wand              |       |     1 |     5 |       ||     6
  Use: Scroll            |       |     5 |     4 |     4 ||    13
       Potion            |       |       |     6 |     2 ||     8
 Stab: Sleeping          |     3 |     3 |    19 |       ||    25
       Distracted        |       |       |     2 |       ||     2
  Eat: Ration            |       |       |     3 |       ||     3
Armor: Robe              |     3 |     2 |    29 |       ||    34
Dodge: Dodged            |    14 |    10 |   167 |       ||   191

Table legend:
 A = Spawn XP
 B = Non-spawn XP
 C = Spawn XP percentage of total XP
 D = Spawn monster count
 E = Non-spawn monster count
 F = Spawn count percentage of total count
 G = Total turns spent on level
                    A         B        C        D         E        F      G
               +---------+---------+-------+---------+---------+-------+---------
         Total |       0 |    5554 |   0.0 |       0 |     139 |   0.0 |  3197
               +---------+---------+-------+---------+---------+-------+---------
           D:1 |       0 |      13 |   0.0 |       0 |       5 |   0.0 |   149
           D:2 |       0 |      62 |   0.0 |       0 |      22 |   0.0 |   307
           D:3 |       0 |     161 |   0.0 |       0 |      23 |   0.0 |   336
           D:4 |       0 |     935 |   0.0 |       0 |      21 |   0.0 |   752
           D:5 |       0 |     636 |   0.0 |       0 |      11 |   0.0 |   472
           D:6 |       0 |     346 |   0.0 |       0 |      19 |   0.0 |   305
           D:7 |       0 |     492 |   0.0 |       0 |      14 |   0.0 |   316
           D:8 |       0 |    2011 |   0.0 |       0 |      13 |   0.0 |   348
           D:9 |       0 |     898 |   0.0 |       0 |      11 |   0.0 |   212
               +---------+---------+-------+---------+---------+-------+---------
